 Dungeon Crawl Stone Soup version 0.29.1-1-gd02db6906a (webtiles) character file.

Game seed: 10686712747625792128

17351 virigoth the Geomancer (level 12, -17/75 HPs)
             Began as a Gargoyle Earth Elementalist on Sept 20, 2022.
             Was an Elder of Vehumet.
             Killed from afar by Frances (23 damage)
             ... with a shard of ice
             ... on level 12 of the Dungeon on Sept 21, 2022.
             The game lasted 01:31:21 (14413 turns).

virigoth the Geomancer (GrEE)                      Turns: 14413, Time: 01:31:22

Health: -17/75     AC: 28    Str: 13    XL:     12   Next: 47%
Magic:  12/23      EV: 10    Int: 20    God:    Vehumet [****..]
Gold:   428        SH:  5    Dex: 10    Spells: 13/26 levels left

rFire   x . .      SeeInvis .   M - +1 flail (protect)
rCold   + + .      Faith    .   (no shield)
rNeg    + . .      Spirit   .   K - +0 ice dragon scales
rPois   ∞          Reflect  +   c - +2 hat
rElec   +          Harm     .   (no cloak)
rCorr   .          Rampage  .   J - +0 pair of gloves
Will    .....                   h - +0 pair of boots
Stlth   +.........              i - amulet of reflection
HPRegen 0.22/turn               G - ring of wizardry
MPRegen 0.18/turn               o - +4 ring of protection

@: hasted, very quick
A: sickness immunity, AC +8, negative energy resistance 1, electricity
resistance, torment resistance 1, petrification resistance
a: Renounce Religion


You were on level 12 of the Dungeon.
You worshipped Vehumet.
Vehumet was greatly pleased with you.
You visited 2 branches of the dungeon, and saw 15 of its levels.
You also visited: Ice Cave.

You collected 428 gold pieces.

Inventory:

Hand Weapons
 m - a +0 dagger of holy wrath
 n - a +0 whip
 C - a +1 flail of pain
 M - a +1 flail of protection (weapon)
Missiles
 D - a throwing net
 H - a curare-tipped dart
 I - 16 poisoned darts
Armour
 c - a +2 hat (worn)
 h - a +0 pair of boots (worn)
 q - a +0 robe of willpower
 J - a +0 pair of gloves (worn)
 K - +0 ice dragon scales (worn)
Magical Staves
 z - a staff of cold
Jewellery
 e - a +6 ring of dexterity
 i - an amulet of reflection (around neck)
 o - a +4 ring of protection (right hand)
 t - an amulet of magic regeneration
 A - a +6 ring of strength
 G - a ring of wizardry (left hand)
 L - a ring of positive energy
Wands
 j - a wand of mindburst (5)
 r - a wand of charming (19)
 y - a wand of iceblast (13) (quivered)
Scrolls
 g - 3 scrolls of teleportation
 p - a scroll of magic mapping
 s - 2 scrolls of fear
 u - a scroll of blinking {unknown}
 w - a scroll of butterflies {unknown}
 x - 2 scrolls of enchant armour
Potions
 a - a potion of resistance {unknown}
 b - a potion of magic
 f - a potion of brilliance
 k - 2 potions of berserk rage
 l - 2 potions of flight
 v - 4 potions of might
 B - a potion of ambrosia {unknown}
 E - a potion of cancellation
 N - a potion of mutation {unknown}


   Skills:
 + Level 8.6 Fighting
 - Level 1.4 Short Blades
 - Level 4.3 Maces & Flails
 - Level 4.4 Armour
 - Level 6.0 Dodging
 - Level 4.2 Stealth
 + Level 7.7 Spellcasting
 + Level 9.3 Conjurations
 - Level 0.7 Transmutations
 - Level 3.8 Fire Magic
 - Level 2.0 Air Magic
 + Level 10.3 Earth Magic
 - Level 1.7 Poison Magic
 - Level 3.4 Evocations


You had 13 spell levels left.
You knew the following spells:

 Your Spells              Type           Power      Damage    Failure   Level
a - Sandblast             Erth           98%        2d20      1%          1
b - Stone Arrow           Conj/Erth      94%        3d12      1%          3
c - Lee's Rapid Deconstr  Erth           24%        3d14*     2%          5
d - Foxfire               Conj/Fire      100%       2x1d9     1%          1
e - Mephitic Cloud        Conj/Pois/Air  25%        N/A       3%          3

Your spell library contained the following spells:

 Spells                   Type           Power      Damage    Failure   Level
 Conjure Flame            Conj/Fire      34%        6-21      1%          3
 Passwall                 Tmut/Erth      24%        N/A       3%          2
 Flame Wave               Conj/Fire      34%        2d10      4%          4
 Inner Flame              Hex/Fire       15%        N/A       8%          3
 Fulminant Prism          Conj/Hex       13%        3d9       9%          4
 Iskenderun's Mystic Bla  Conj/Tloc      26%        2d7       9%          4
 Lightning Bolt           Conj/Air       15%        1d29      14%         5
 Irradiate                Conj/Tmut      13%        3d16      19%         5
 Summon Small Mammal      Summ           28%        N/A       21%         1
 Petrify                  Tmut/Erth      29%        N/A       21%         4
 Airstrike                Air            7%         2d(2-18)  22%         4
 Call Canine Familiar     Summ           7%         N/A       50%         3
 Ozocubu's Armour         Ice            7%         N/A       50%         3
 Summon Guardian Golem    Hex/Summ       7%         N/A       50%         3
 Summon Lightning Spire   Summ/Air       11%        N/A       75%         4
 Animate Dead             Necr           7%         N/A       86%         4
 Haunt                    Necr/Summ      3%         N/A       100%        7
 Ozocubu's Refrigeration  Ice            3%         4d8       100%        7
 Infestation              Necr           3%         N/A       100%        8
 Sublimation of Blood     Necr           Unusable   N/A       N/A         2

Dungeon Overview and Level Annotations

Branches:
Dungeon (14/15)            Temple (1/1) D:4           IceCv (visited)
   Lair: D:8-11         Orc: D:9-12      Vaults: D:13-14

Altars:
Ashenzari
Cheibriados
Dithmenos
Elyvilon
Fedhas
Gozag
Hepliaklqana
Kikubaaqudgha
Makhleb
Nemelex Xobeh
Okawaru
Qazlal
Ru
Sif Muna
Trog
Uskayaw
Vehumet
Wu Jian
Xom
Yredelemnul
Zin
The Shining One

Shops:
D:7 (

Annotations:
D:4 exclusion: door
D:9 1 runed translucent door, 1 exclusion, greasedhog's ghost, journeyman GnWn
D:12 Frances


Innate Abilities, Weirdness & Mutations

You are immune to sickness and miasma.
Your stone body is resilient. (AC +8)
You are immune to poison.
You resist negative energy. (rN+)
You are resistant to electric shocks. (rElec)
You are resistant to unholy torment.
You are immune to petrification.


Message History

Frances hits you with a +0 battleaxe.
Casting: Stone Arrow (safe; 1% risk of failure)
Confirm with . or Enter, or press ? or * to list all spells.
Aiming: Stone Arrow (safe; 1% risk of failure)
Press: ? - help, Shift-Dir - straight line The stone arrow misses Frances.
Frances hits you with a +0 battleaxe!!
Casting: Stone Arrow (safe; 1% risk of failure)
Confirm with . or Enter, or press ? or * to list all spells.
Aiming: Mephitic Cloud (dangerous; 3% risk of failure)
Press: ? - help, Shift-Dir - straight line The ball explodes into a vile cloud!
The stinking cloud engulfs Frances but does no damage.
Frances is moderately wounded.
The stinking cloud engulfs you but does no damage.
Frances is engulfed in noxious fumes.
Frances hits you with a +0 battleaxe.
* * * LOW HITPOINT WARNING * * *
Frances attacks as you move away! You block Frances's attack.
Frances is engulfed in noxious fumes.
Frances appears confused.
Frances is engulfed in noxious fumes.
Frances laughs at nothing.
Frances is engulfed in noxious fumes.
Frances is engulfed in noxious fumes.
Frances hits herself with a +0 battleaxe!!
There is an open door here.
You close the door.
You start resting.
Frances, Duchess of Pandemonium opens the door.
She is wielding a +0 battleaxe.
Frances whispers indecipherable words.
The shard of ice hits you! You partially resist.
* * * LOW HITPOINT WARNING * * *
You feel yourself speed up.
Frances chants phrases taken from a devil's mouth.
Frances seems to speed up.
There is an open door here.
The snapping turtle hisses angrily.
You close the door.
Frances breaks down the door.
Frances whispers indecipherable words.
The shard of ice hits you!! You partially resist.
You die...

..###.##.........#....#≈t#####..#
..'...##..............#≈≈#......#
..##..####'###...#....#≈≈#......#
#####.## ##..#..#.#...#≈≈#......#
#.#≈# ##'#.#._.#..#≈≈#......#
#.#≈≈ #.....#.#..##≈≈#......#
≈#.#≈≈≈#......#...# ≈≈######.#
≈#.#≈≈≈#..........# #≈≈≈≈≈ #.#
≈≈#.#≈≈≈#.....@+...# ##≈≈≈# #.#
#.#≈≈≈#......###.####### #.#
#.#≈≈≈#......# #.......####.#
#.#≈≈ #......# #####.#......#
#.#≈# ##@##### #.####.#.# #. #.#
#.## #...# . #@# #..# ##### #.#
###'#### #.# ##......####


You could see Frances (fast).

Vanquished Creatures
  A centaur warrior (D:13)
  3 two-headed ogres
  A cyclops (D:12)
  2 ugly things (D:12)
  An unseen horror (D:11)
  4 rime drakes (D:10)
  A freezing wraith (D:9)
  An ice devil (IceCv)
  3 meliai (D:13)
  2 polar bears (D:10)
  5 hornets
  4 trolls
  3 wraiths
  2 shadows
  2 wyverns
  A vampire (D:10)
  9 yaks (D:9)
  A basilisk (D:12)
  A death yak simulacrum (IceCv)
  3 steam dragons
  2 vampire mosquitoes (D:12)
  An acid dragon (D:9)
  3 water moccasins
  2 sky beasts
  A meliai simulacrum (D:10)
  5 orc warriors
  4 black bears
  4 ice beasts
  An ogre (D:5)
  3 centaurs
  2 phantoms
  3 kobold brigands
  3 necrophages
  4 bullfrogs
  A two-headed ogre simulacrum (IceCv)
  4 scorpions
  7 wights (D:7)
  26 killer bees
  An electric eel (D:8)
  3 howler monkeys
  2 jellies
  A hound (D:4)
  8 orc priests
  4 iguanas
  7 orc wizards
  A polar bear simulacrum (IceCv)
  Robin (D:3)
  A naga simulacrum (IceCv)
  8 adders
  2 river rats (D:5)
  A shadow imp (D:4)
  A white imp (IceCv)
  6 ufetubi
  A worm (D:2)
  2 dart slugs
  36 orcs
  9 endoplasms
  3 giant cockroaches
  14 goblins
  6 hobgoblins
  19 kobolds
  3 quokkas
  9 ball pythons
  5 bats
  A frilled lizard (D:2)
  7 rats
288 creatures vanquished.

Vanquished Creatures (others)
  An orc wizard (D:8)
  An ufetubus (IceCv)
  12 foxfires
14 creatures vanquished.

Grand Total: 302 creatures vanquished

Notes
Turn   | Place    | Note
-------+----------+-------------------------------------------
     0 | D:1      | virigoth the Gargoyle Earth Elementalist began the quest
                  | for the Orb.
     0 | D:1      | Reached XP level 1. HP: 10/10 MP: 3/3
   134 | D:1      | Reached XP level 2. HP: 15/15 MP: 0/5
   175 | D:1      | Reached skill level 4 in Earth Magic
   752 | D:3      | Noticed a scorpion
   799 | D:2      | Found a faded altar of an unknown god.
   852 | D:2      | Reached XP level 3. HP: 19/19 MP: 4/7
   933 | D:2      | Learned a level 3 spell: Stone Arrow
  1262 | D:2      | Reached XP level 4. HP: 23/24 MP: 1/8
  1661 | D:3      | Reached skill level 1 in Conjurations
  1708 | D:3      | Noticed a scorpion
  1711 | D:3      | Reached skill level 1 in Fighting
  1721 | D:3      | Killed a scorpion
  1722 | D:3      | Reached XP level 5. HP: 27/29 MP: 0/9
  2004 | D:3      | Noticed a water moccasin
  2007 | D:3      | Killed a water moccasin
  2008 | D:3      | Reached skill level 5 in Earth Magic
  2008 | D:3      | Reached XP level 6. HP: 35/35 MP: 6/10
  2204 | D:3      | Noticed Robin
  2207 | D:3      | Killed Robin
  2796 | D:5      | Entered Level 5 of the Dungeon
  2924 | D:5      | Noticed an ice beast
  2965 | D:4      | Reached XP level 7. HP: 24/40 MP: 8/11
  3201 | D:4      | Found a staircase to the Ecumenical Temple.
  3208 | Temple   | Entered the Ecumenical Temple
  3377 | Temple   | Became a worshipper of Vehumet
  3696 | D:4      | Found a shadowy altar of Dithmenos.
  3858 | D:5      | Found an ancient bone altar of Kikubaaqudgha.
  4210 | D:5      | Reached skill level 1 in Armour
  4389 | D:5      | Reached skill level 1 in Short Blades
  4389 | D:5      | Reached skill level 1 in Evocations
  4389 | D:5      | Reached XP level 8. HP: 46/46 MP: 5/13
  4395 | D:5      | Learned a level 5 spell: Lee's Rapid Deconstruction
  5237 | D:6      | Reached skill level 6 in Earth Magic
  5292 | D:6      | Reached skill level 1 in Maces & Flails
  5452 | D:6      | Reached skill level 5 in Conjurations
  5579 | D:6      | Found a glowing silver altar of Zin.
  5917 | D:6      | Reached XP level 9. HP: 52/52 MP: 9/15
  6327 | D:6      | Reached * piety under Vehumet
  6327 | D:6      | Offered knowledge of Freeze by Vehumet.
  6725 | D:7      | Noticed a hornet
  6733 | D:7      | Killed a hornet
  7048 | D:7      | Reached skill level 5 in Fighting
  7174 | D:7      | Noticed a hornet
  7181 | D:7      | Killed a hornet
  7182 | D:7      | Reached skill level 5 in Spellcasting
  7182 | D:7      | Reached skill level 7 in Earth Magic
  7671 | D:7      | Reached XP level 10. HP: 17/60 MP: 10/17
  8008 | D:7      | Found Itzodona's Antique Weapon Emporium.
  8036 | D:7      | Offered knowledge of Searing Ray by Vehumet.
  8043 | D:7      | Reached ** piety under Vehumet
  8666 | D:8      | Found an opulent altar of Gozag.
  9151 | D:8      | Found a sparkling altar of Nemelex Xobeh.
  9151 | D:8      | Found a snail-covered altar of Cheibriados.
  9241 | D:8      | Offered knowledge of Dazzling Flash by Vehumet.
  9242 | D:8      | Reached skill level 8 in Earth Magic
  9247 | D:8      | Learned a level 1 spell: Foxfire
  9691 | D:9      | Reached skill level 1 in Fire Magic
  9707 | D:10     | Entered Level 10 of the Dungeon
  9855 | D:9      | Reached *** piety under Vehumet
  9984 | D:9      | Reached XP level 11. HP: 66/66 MP: 17/20
 10146 | D:9      | Reached skill level 5 in Dodging
 10169 | D:9      | Found an iron altar of Okawaru.
 10432 | D:9      | Found a runed translucent door.
 10438 | D:9      | Noticed greasedhog's ghost (journeyman GnWn)
 10728 | D:10     | Noticed a two-headed ogre
 10729 | D:10     | Noticed a two-headed ogre
 10737 | D:10     | Killed a two-headed ogre
 10737 | D:10     | Offered knowledge of Sticky Flame by Vehumet.
 10740 | D:10     | Killed a two-headed ogre
 10741 | D:10     | Reached skill level 9 in Earth Magic
 10900 | D:10     | Identified the +1 spear "Opho" {venom, rPois Str-5 Dex+4}
 10983 | D:9      | HP: 1/68 [freezing wraith (23)]
 12125 | D:11     | Reached **** piety under Vehumet
 12195 | D:11     | Noticed a death yak
 12196 | D:11     | Noticed a death yak
 12311 | D:12     | Found a frozen archway.
 12332 | IceCv    | Entered an ice cave
 12343 | IceCv    | Offered knowledge of Mephitic Cloud by Vehumet.
 12350 | IceCv    | Learned a level 3 spell: Mephitic Cloud
 12370 | IceCv    | Reached XP level 12. HP: 70/73 MP: 0/22
 12378 | IceCv    | Reached skill level 1 in Poison Magic
 12520 | IceCv    | HP: 3/73 [ufetubus (1)]
 12523 | IceCv    | Identified the ring "Magayf" {rC+ Int+6}
 12523 | IceCv    | Noticed a reaper
 12603 | D:12     | Reached skill level 1 in Air Magic
 13145 | D:12     | Found an iron altar of Okawaru.
 13544 | D:13     | Noticed a centaur warrior
 13851 | D:13     | Killed a centaur warrior
 13852 | D:13     | Reached skill level 10 in Earth Magic
 13852 | D:13     | Noticed a two-headed ogre
 13856 | D:13     | Killed a two-headed ogre
 14386 | D:12     | Noticed Frances
 14413 | D:12     | Killed from afar by Frances

Illustrated notes

Levels and vault maps discovered:
D:1:      heliophobic_arrival_ceremonial_halls, layout_loops_ring
D:2:      cheibrodos_old_hovel, layout_loops_cross, basic_ecumenical_altar,
          minmay_indecisive_spiral
D:3:      layout_loops_ring, chequers_serial_rivers_room_a, uniq_robin
D:4:      layout_rooms, mainiacjoe_overflow_boulevard, minmay_temple_entry_hall,
          enter_ossuary_2, grunt_decor_fettered, nicolae_zen_rock_garden
D:5:      layout_loops_corners, kennysheep_mini_moat, portal_sewer_entry_e
D:6:      layout_loops_corners, zin_academy, minivault_1
D:7:      layout_layer_cave, serial_shops, shop
D:8:      layout_cave_pods, nicolae_overflow_two_pavilions,
          mainiacjoe_overflow_catwalk
D:9:      layout_basic, ebering_ghost_reflecting_pool,
          minmay_misc_feat_more_columns, david_defended_altar_orc
D:10:     minmay_coctagon, layout_long_grid, minmay_diced_spiral
D:11:     layout_loops_ring, dpeg_lair_monsters, erik_orc_2
D:12:     layout_roguey, nicolae_trove_entry_columns,
          portal_ice_cave_entry_pillars_1, serial_aquarium,
          aquarium_bridge_square [aquarium_subvault_window,
          aquarium_subvault_bridge, aquarium_subvault_bridge,
          aquarium_subvault_bridge], aquarium_bridge_straight
          [aquarium_subvault_bridge, aquarium_subvault_window,
          aquarium_subvault_bridge, aquarium_subvault_window],
          aquarium_window_3, aquarium_window_corner, aquarium_window_1,
          aquarium_view_2f, aquarium_balcony_5b, aquarium_pool_corner,
          grunt_decor_arrowhead, kennysheep_crisscross, okawaru_metal_pillars_3,
          uniq_nergalle, uniq_frances
D:13:     layout_long_grid, david_vaults_4, serial_shops,
          nicolae_shop_behind_doors, grunt_decor_cap, uniq_erolcha, uniq_sonja
D:14:     layout_irregular_city, hangedman_decor_cross_pass, uniq_jorgrun,
          uniq_snorg
Temple:   eino_temple_rhombus

Skill      XL: |  1  2  3  4  5  6  7  8  9 10 11 12 |
---------------+-------------------------------------+-----
Earth Magic    | 4 5 6 7 8 9 10 | 10.3
Conjurations   | 1 2 3 4 5 6 7 8 9 |  9.3
Fighting       | 1 2 3 4 5 6 7 8 |  8.6
Dodging        | 2 3 4 6 |  6.0
Spellcasting   | 3 4 5 6 7 |  7.7
Stealth        | 3 4 |  4.2
Armour         | 1 2 3 4 |  4.4
Short Blades   | 1 |  1.4
Evocations     | 1 2 3 |  3.4
Maces & Flails | 1 3 4 |  4.3
Fire Magic     | 2 3 |  3.8
Poison Magic   | 1 |  1.7
Air Magic      | 2 |  2.0
Transmutations | |  0.7

Action                   |  1- 3 |  4- 6 |  7- 9 | 10-12 || total
-------------------------+-------+-------+-------+-------++-------
Melee: Unarmed           |     6 |       |       |       ||     6
       Dagger            |       |     7 |    15 |       ||    22
       Flail             |       |       |     1 |    15 ||    16
       Whip              |       |       |       |     9 ||     9
       Punch             |       |       |       |     2 ||     2
Throw: Dart              |       |       |       |     1 ||     1
 Cast: Sandblast         |    38 |    72 |   109 |   150 ||   369
       Stone Arrow       |       |     2 |    51 |   111 ||   164
       Lee's Rapid Decon |       |       |     4 |    27 ||    31
       Foxfire           |       |       |       |     8 ||     8
       Mephitic Cloud    |       |       |       |     7 ||     7
Evoke: Wand              |       |       |       |     7 ||     7
  Use: Scroll            |       |     2 |    10 |     9 ||    21
       Potion            |       |       |     1 |    14 ||    15
 Stab: Sleeping          |     1 |     1 |       |       ||     2
Armor: Robe              |    14 |    23 |    73 |   109 ||   219
       Ice dragon scales |       |       |       |   116 ||   116
Dodge: Dodged            |    14 |    22 |   112 |   226 ||   374
Block: Other             |     5 |    12 |     9 |    62 ||    88
       Reflection        |       |       |       |     7 ||     7
